 Dungeon Crawl Stone Soup version 0.20-a0-972-gb9bd3e6 (webtiles) character file.

3924 dvd the Quickloader (level 10, -9/71 HPs)
             Began as a Formicid Hunter on Apr 9, 2017.
             Was a Believer of Hepliaklqana.
             Mangled by a komodo dragon (17 damage)
             ... on level 11 of the Dungeon.
             The game lasted 00:29:04 (7836 turns).

dvd the Quickloader (Formicid Hunter)               Turns: 7836, Time: 00:29:06

Health: -9/71      AC:  9    Str: 20    XL:     10   Next: 44%
Magic:  11/11      EV: 13    Int: 11    God:    Hepliaklqana [**....]
Gold:   377        SH:  4    Dex: 13    Spells: 10/11 levels left

rFire    . . .     SeeInvis +   A - +1 mace (venom)
rCold    . . .     Gourm    .   N - +0 buckler
rNeg     + . .     Faith    .   J - +2 leather armour {MR+}
rPois    .         Spirit   .   (helmet unavailable)
rElec    .         Reflect  .   Q - +1 cloak
rCorr    .         Harm     .   D - +0 pair of gloves
MR       ++...                  (no boots)
Stlth    ++........             M - macabre finger necklace {rN+}
Regen    0.3/turn               (no ring)
MPRegen  0.2/turn               (no ring)
                                (no ring)

@: no status effects
A: permanent stasis, dig shafts and tunnels, four strong arms, reduced essence,
antennae 3, hooves 1, strong 1, wild magic 1
a: Dig, Shaft Self, Recall Ancestor, Ancestor Identity, Renounce Religion


You were on level 11 of the Dungeon.
You worshipped Hepliaklqana.
Hepliaklqana was pleased with you.
You were very hungry.

You visited 1 branch of the dungeon, and saw 10 of its levels.

You collected 377 gold pieces.

Inventory:

Hand Weapons
 a - a +1 hand crossbow
 b - a +5 dagger of protection
 m - a +1 rapier of venom
 p - a +0 battleaxe
 s - a +2 whip of freezing
 v - a +1 trident of piercing
 w - a +2 mace of draining
 y - a +2 falchion of electrocution
 z - a +1 dagger of venom
 A - a +1 mace of venom (weapon)
 B - a +2 whip of venom
 I - a +2 dagger of venom
 O - a +1 rapier of protection
 S - a +2 whip of freezing
Missiles
 d - 36 bolts
 k - 5 tomahawks (quivered)
 K - 2 tomahawks of returning
Armour
 D - a +0 pair of gloves (worn)
 J - a +2 leather armour of magic resistance (worn)
 N - a +0 buckler (worn)
 Q - a +1 cloak (worn)
Magical Staves
 H - an uncursed staff of energy
Jewellery
 F - an uncursed ring of ice
 M - the macabre finger necklace (around neck) {rN+}
   (You took it off a crimson imp on level 5 of the Dungeon)

   [amulet of nothing]

   It protects you from negative energy.
Wands
 c - a wand of polymorph (7/24)
 t - a wand of digging (11/24)
 P - a wand of acid (5/15)
 R - a wand of lightning (11/15)
Scrolls
 e - 3 scrolls of magic mapping {unknown}
 g - 4 scrolls of fear {unknown}
 l - 6 scrolls of remove curse
 n - a scroll of enchant weapon {unknown}
 r - 3 scrolls of identify
 u - 3 scrolls of random uselessness {unknown}
 C - a scroll of immolation {unknown}
 E - 2 scrolls of teleportation {unknown}
 G - a scroll of noise {unknown}
 U - a scroll of recharging {unknown}
Potions
 x - a potion of magic
Books
 L - a book of Cantrips

   Spells                             Type                      Level
   a - Confusing Touch                Hexes                        1
   b - Animate Skeleton               Necromancy                   1
   c - Summon Small Mammal            Summoning                    1
   d - Apportation                    Translocation                1
Comestibles
 f - 4 bread rations
 j - 4 fruits
 o - 2 royal jellies
 q - 3 meat rations


   Skills:
 + Level 7.0 Fighting
 + Level 2.2(3.3) Short Blades
 + Level 3.7(4.0) Long Blades
 + Level 4.1 Maces & Flails
 + Level 9.3 Crossbows
 + Level 1.3 Throwing
 + Level 5.1 Armour
 + Level 4.3 Dodging
 + Level 3.2 Stealth
 + Level 1.7 Shields
 + Level 1.1 Spellcasting
 + Level 0.2 Hexes
 + Level 0.7 Evocations


You had 10 spell levels left.
You knew the following spells:

 Your Spells              Type           Power        Failure   Level  Hunger
a - Confusing Touch       Hex            #.....       47%         1    ##.....


Dungeon Overview and Level Annotations

Branches:
Dungeon (11/15)            Temple (0/1) D:6
   Lair: D:8-11         Orc: D:9-12

Altars:
Dithmenos
Elyvilon
Hepliaklqana
Kikubaaqudgha
Xom
Zin

Shops:
D:5 %

Annotations:
D:5 zhorgal's ghost, novice TrGl


Innate Abilities, Weirdness & Mutations

You cannot be hasted, slowed, berserked, paralysed or teleported.
You can dig through walls and to a lower floor.
Your four strong arms can wield two-handed weapons with a shield.
You have a pair of large antennae on your head. (SInv)
Your life essence is reduced. (-10% HP)
You have large cloven feet.
Your muscles are strong. (Str +2)
Your spells are a little harder to cast, but a little more powerful.


Message History

* * * LOW HITPOINT WARNING * * *
Okay, then.
Unknown command.
You hit the komodo dragon but do no damage.
The komodo dragon looks as sick as possible!
You kick the komodo dragon, but do no damage.
The komodo dragon is moderately wounded.
Octavia hits the komodo dragon with a dagger of draining.
Octavia drains the komodo dragon!
You feel better.
Octavia hits the komodo dragon but does no damage.
You block the komodo dragon's attack.
Unknown command.
You hit the komodo dragon but do no damage.
The komodo dragon looks as sick as possible!
Your kick misses the komodo dragon.
The komodo dragon is heavily wounded.
Octavia hits the komodo dragon but does no damage.
Octavia drains the komodo dragon!
The komodo dragon bites you!
You die...

.............+
.............#
.............#
.............#
#########....#
#....# #..<.#
#..[.# ##+####
#....###@....#
#...)..Rl....#
#............#
........#.........
..#..............##
....$............#
.#######.#.........
#........###
#+##.....#


You could see the friendly Octavia the hexer and a komodo dragon.

Vanquished Creatures
  Pikel (D:6)
  Maurice (D:8)
  A wyvern (D:8)
  Eustachio (D:4)
  Grum (D:8)
  An ice beast (D:7)
  A sky beast (D:5)
  2 ogres
  An orc warrior (D:6)
  A wolf (D:8)
  3 scorpions
  5 howler monkeys
  6 crimson imps
  8 orc priests
  3 hounds
  A jelly (D:7)
  8 orc wizards
  2 centaur skeletons
  An iguana (D:5)
  9 worker ants
  2 hound skeletons
  Robin (D:2)
  11 adders
  5 gnolls
  3 oozes
  2 worms
  A dart slug (D:2)
  3 leopard geckos
  26 orcs
  A bat (D:1)
  5 giant cockroaches
  12 goblins
  6 hobgoblins
  5 jackals (D:7)
  4 kobolds
  3 quokkas
  A frilled lizard (D:3)
  3 rats
151 creatures vanquished.

Vanquished Creatures (collateral kills)
  A phantom (D:7)
  2 bullfrogs (D:7)
  A jelly (D:6)
  A howler monkey (D:4)
  2 hounds
  2 orc priests
  An orc wizard (D:5)
  A worker ant (D:4)
  2 hound skeletons
  A gnoll (D:5)
  An adder (D:7)
  A shadow imp (D:5)
  An adder skeleton (D:7)
  A leopard gecko (D:5)
  12 orcs
  A giant cockroach (D:5)
  A jackal (D:7)
  A frilled lizard (D:4)
  A jackal skeleton (D:5)
  A kobold (D:3)
  A rat (D:3)
36 creatures vanquished.

Vanquished Creatures (others)
  2 slaves (D:6)
  A bullfrog (D:6)
  An iguana (D:6)
  An ancestor (D:5)
  A gnoll (D:6)
  An adder (D:7)
  An ooze (D:2)
  A goblin (D:2)
  A quokka (D:7)
10 creatures vanquished.

Grand Total: 197 creatures vanquished

Notes
Turn   | Place    | Note
-------+----------+-------------------------------------------
     0 | D:1      | dvd the Formicid Hunter began the quest for the Orb.
     0 | D:1      | Reached XP level 1. HP: 16/16 MP: 1/1
    82 | D:1      | Reached XP level 2. HP: 22/22 MP: 2/2
   489 | D:2      | Found a white marble altar of Elyvilon.
   493 | D:2      | Reached XP level 3. HP: 27/27 MP: 3/3
   496 | D:2      | Noticed Robin
   546 | D:2      | You fall through a shaft for 2 floors!
   920 | D:2      | Killed Robin
   920 | D:2      | Reached skill level 5 in Crossbows
   920 | D:2      | Reached skill level 1 in Armour
   920 | D:2      | Reached XP level 4. HP: 34/34 MP: 4/4
  1264 | D:3      | Reached skill level 1 in Short Blades
  1299 | D:3      | Reached XP level 5. HP: 33/39 MP: 5/5
  1411 | D:3      | Found a hazy altar of Hepliaklqana.
  1418 | D:3      | Became a worshipper of Hepliaklqana the Forgotten
  1655 | D:3      | Reached XP level 6. HP: 37/41 MP: 6/6
  1661 | D:3      | Reached skill level 6 in Crossbows
  2083 | D:3      | Reached XP level 7. HP: 25/46 MP: 7/7
  2429 | D:4      | Found a glowing silver altar of Zin.
  2486 | D:4      | Reached * piety under Hepliaklqana
  2536 | D:4      | Reached skill level 1 in Maces & Flails
  2815 | D:4      | Reached skill level 1 in Long Blades
  3178 | D:4      | Reached skill level 7 in Crossbows
  3239 | D:4      | Noticed Eustachio
  3265 | D:4      | Killed Eustachio
  3265 | D:4      | Reached XP level 8. HP: 36/54 MP: 8/8
  3879 | D:5      | Entered Level 5 of the Dungeon
  4228 | D:5      | Gained mutation: Your spells are a little harder to cast, but a little more powerful. [mutagenic meat]
  4230 | D:5      | Gained mutation: You have large cloven feet. [mutagenic meat]
  4231 | D:5      | Gained mutation: Your muscles are strong. (Str +2) [mutagenic meat]
  4424 | D:5      | Noticed zhorgal's ghost (novice TrGl)
  4462 | D:4      | Reached skill level 1 in Throwing
  4668 | D:5      | Found Rank's Food Emporium.
  4750 | D:5      | Reached XP level 9. HP: 60/60 MP: 9/9
  4840 | D:5      | Reached skill level 5 in Fighting
  4966 | D:5      | Reached ** piety under Hepliaklqana
  4968 | D:5      | Remembered your ancestor Octavia as a hexer
  5233 | D:5      | You fall through a shaft for 3 floors!
  5612 | D:6      | Reached skill level 8 in Crossbows
  5797 | D:6      | Found a staircase to the Ecumenical Temple.
  5797 | D:6      | Noticed Pikel
  5807 | D:6      | Killed Pikel
  5807 | D:6      | Reached skill level 5 in Armour
  6068 | D:6      | Found a shadowy altar of Dithmenos.
  6575 | D:7      | Found a shimmering altar of Xom.
  6583 | D:7      | Reached skill level 1 in Shields
  6583 | D:7      | Reached XP level 10. HP: 55/69 MP: 10/10
  6733 | D:7      | Found an ancient bone altar of Kikubaaqudgha.
  6762 | D:7      | Learned a level 1 spell: Confusing Touch
  7015 | D:7      | Reached skill level 9 in Crossbows
  7369 | D:8      | Noticed Maurice
  7378 | D:8      | Killed Maurice
  7432 | D:8      | Noticed Grum
  7447 | D:8      | Killed Grum
  7447 | D:8      | Reached skill level 1 in Spellcasting
  7451 | D:8      | You fall through a shaft for 3 floors!
  7700 | D:10     | Entered Level 10 of the Dungeon
  7704 | D:10     | Noticed a komodo dragon
  7833 | D:11     | HP: 2/71 [komodo dragon (24)]
  7836 | D:11     | Mangled by a komodo dragon

Vault maps used:
D:1:      dpeg_arrival_windows_large_door
D:2:      elyvilon_altar_4, first_bread, uniq_robin
D:3:      overflow_temple_1_default
D:4:      serial_column_ruins, column_ruins_temple_circle, column_ruins_grid_4,
          column_ruins_corridor_straight, column_ruins_columns_straight,
          column_ruins_columns_straight, column_ruins_columns_straight,
          column_ruins_open_tiny, column_ruins_grid_2, uniq_eustachio
D:5:      serial_shops, shop
D:6:      cheibrodos_iron_armory, kennysheep_mini, minmay_temple_entry_mist,
          uniq_pikel
D:7:      old_standard_altar, xom_confusion_cloud
D:8:      uniq_gastronok, uniq_maurice, uniq_grum
D:10:     dpeg_oklobed_lair, uniq_erolcha
D:11:     serial_shops, kennysheep_little_box, minmay_holes

Skill      XL: |  1  2  3  4  5  6  7  8  9 10 |
---------------+-------------------------------+-----
Crossbows      | 5 6 7 8 9 |  9.3
Armour         | 1 2 3 4 5 |  5.1
Short Blades   | 1 2 |  2.2
Fighting       | 3 4 6 7 |  7.0
Dodging        | 2 4 |  4.3
Maces & Flails | 1 2 4 |  4.1
Long Blades    | 2 3 |  3.7
Throwing       | 1 |  1.3
Stealth        | 2 3 |  3.2
Shields        | 1 |  1.7
Spellcasting   | 1 |  1.1
Hexes          | |  0.2
Evocations     | |  0.7

Action                   |  1- 3 |  4- 6 |  7- 9 | 10-12 || total
-------------------------+-------+-------+-------+-------++-------
Melee: Short sword       |    37 |       |       |       ||    37
       Dagger            |       |    69 |    25 |     1 ||    95
       Whip              |       |     2 |    33 |       ||    35
       Falchion          |       |    14 |    87 |    23 ||   124
       Mace              |       |     6 |    22 |    31 ||    59
       Kick              |       |       |    28 |    20 ||    48
       Rapier            |       |       |     2 |       ||     2
 Fire: Hand crossbow     |    36 |    45 |   122 |    32 ||   235
Throw: Tomahawk          |       |       |     5 |       ||     5
 Cast: Confusing Touch   |       |       |       |     1 ||     1
Invok: Ancestor Identity |       |     1 |       |       ||     1
       Recall Ancestor   |       |       |     1 |     1 ||     2
       Ancestor Life: He |       |       |     1 |       ||     1
 Abil: Shaft Self        |     1 |       |     1 |     1 ||     3
Evoke: Wand              |       |       |     3 |       ||     3
  Use: Potion            |       |       |     7 |     4 ||    11
       Scroll            |       |       |     4 |       ||     4
 Stab: Distracted        |       |       |       |     2 ||     2
  Eat: Chunk             |       |     4 |    19 |     3 ||    26
Armor: Chain mail        |    20 |    54 |    77 |       ||   151
       Leather armour    |       |       |    28 |    20 ||    48
Dodge: Dodged            |    20 |    35 |   139 |    34 ||   228
Block: Buckler           |       |       |     9 |    16 ||    25
       Rpst.: Falchion   |       |     2 |    24 |     5 ||    31
